 Dungeon Crawl Stone Soup version 0.21-a0-437-ge5bf024 (webtiles) character file.

18094 Ijustatesigmund the Slicer (level 12, 0/84 HPs)
             Began as an Octopode Enchanter on Nov 9, 2017.
             Was a High Priest of Okawaru.
             Slain by a water moccasin (8 damage)
             ... on level 4 of the Lair of Beasts.
             The game lasted 00:58:40 (18113 turns).

Ijustatesigmund the Slicer (Octopode Enchanter)    Turns: 18113, Time: 00:58:40

Health: 0/84       AC:  1    Str:  8    XL:     12   Next: 54%
Magic:  23/28      EV: 13    Int: 18    God:    Okawaru [*****.]
Gold:   739        SH: 10    Dex: 16    Spells: 11/21 levels left

rFire    . . .     SeeInvis .   u - +6 rapier
rCold    . . .     Gourm    .   p - +1 shield
rNeg     + . .     Faith    .   (helmet restricted)
rPois    .         Spirit   .   i - amulet of rage
rElec    .         Reflect  .   z - ring of positive energy
rCorr    .         Harm     .   B - ring of magical power
MR       +....                  (no ring)
Stlth    +++++.....             (no ring)
HPRegen  0.24/turn              (no ring)
MPRegen  0.21/turn              (no ring)
                                (no ring)
                                (no ring)

@: very slightly contaminated
A: almost no armour, stealthy swim, amphibious, 8 rings, constrict 8, camouflage
1, magic resistance 1, wild magic 1, gelatinous body 1
a: Heroism, Finesse, Renounce Religion, Evoke Berserk Rage


You were on level 4 of the Lair of Beasts.
You worshipped Okawaru.
Okawaru was extremely pleased with you.
You were very hungry.

You visited 3 branches of the dungeon, and saw 16 of its levels.

You collected 739 gold pieces.

Inventory:

Hand Weapons
 g - a +4 dagger
 n - a +1 flail of protection
 u - a +6 rapier (weapon)
 v - a +4 short sword
 M - a +0 dagger of holy wrath
Missiles
 w - 13 javelins (quivered)
Armour
 p - a +1 shield (worn)
Jewellery
 i - an amulet of rage (around mantle)
 t - an uncursed amulet of faith
 x - an uncursed amulet of regeneration
 z - a ring of positive energy (left tentacle)
 B - a ring of magical power (right tentacle)
 G - the ring of Descent {Ice Str+2 SInv}
   (You found it on level 10 of the Dungeon)

   [ring of ice]

   It enhances your ice magic.
   It affects your strength (+2).
   It makes you vulnerable to fire.
   It protects you from cold.
   It lets you see invisible.
Wands
 m - a wand of digging (15/24)
 r - a wand of iceblast (5/15)
 s - a wand of random effects (12/48)
 y - a wand of lightning (4/15)
 N - a wand of iceblast (6/15)
Scrolls
 d - 3 scrolls of fog
 f - 2 scrolls of remove curse
 j - 3 scrolls of teleportation
 l - 3 scrolls of immolation
 H - a scroll of summoning
 Q - a scroll of fear
Potions
 a - 2 potions of haste
 e - a potion of agility
 h - 2 potions of ambrosia
 k - a potion of resistance
 O - a potion of curing
 P - a potion of might
 R - a potion of magic
Books
 b - a book of Maledictions

   Spells                             Type                      Level
   a - Corona                         Hexes                        1
   b - Ensorcelled Hibernation        Hexes/Ice                    2
   c - Confuse                        Hexes                        3
   d - Tukima's Dance                 Hexes                        3
   e - Dazzling Spray                 Conjuration/Hexes            3
 q - a book of Air

   Spells                             Type                      Level
   a - Shock                          Conjuration/Air              1
   b - Swiftness                      Charms/Air                   2
   c - Static Discharge               Conjuration/Air              3
   d - Airstrike                      Air                          4
   e - Lightning Bolt                 Conjuration/Air              5
 A - a book of Debilitation

   Spells                             Type                      Level
   a - Corona                         Hexes                        1
   b - Slow                           Hexes                        2
   c - Inner Flame                    Hexes/Fire                   3
   d - Portal Projectile              Hexes/Translocation          3
   e - Cause Fear                     Hexes                        4
   f - Leda's Liquefaction            Hexes/Earth                  4
 D - a book of Cantrips

   Spells                             Type                      Level
   a - Confusing Touch                Hexes                        1
   b - Animate Skeleton               Necromancy                   1
   c - Summon Small Mammal            Summoning                    1
   d - Apportation                    Translocation                1
 E - a book of Necromancy

   Spells                             Type                      Level
   a - Pain                           Necromancy                   1
   b - Animate Skeleton               Necromancy                   1
   c - Vampiric Draining              Necromancy                   3
   d - Regeneration                   Charms/Necromancy            3
   e - Animate Dead                   Necromancy                   4
   f - Control Undead                 Necromancy                   4
 F - a book of Enchantments

   Spells                             Type                      Level
   a - Cause Fear                     Hexes                        4
   b - Yara's Violent Unravelling     Hexes/Transmutation          5
   c - Silence                        Hexes/Air                    5
   d - Deflect Missiles               Charms/Air                   6
   e - Discord                        Hexes                        8
 L - a book of Frost

   Spells                             Type                      Level
   a - Freeze                         Ice                          1
   b - Throw Frost                    Conjuration/Ice              2
   c - Ozocubu's Armour               Charms/Ice                   3
   d - Throw Icicle                   Conjuration/Ice              4
   e - Summon Ice Beast               Ice/Summoning                4
Miscellaneous
 C - a phantom mirror
 I - a box of beasts
 K - a lightning rod (4/4)
Comestibles
 c - 7 bread rations
 o - 5 meat rations


   Skills:
 + Level 8.8 Fighting
 + Level 8.9 Short Blades
 - Level 2.1 Maces & Flails
 - Level 3.6 Dodging
 - Level 8.1 Stealth
 + Level 6.7 Shields
 - Level 5.1 Spellcasting
 - Level 4.7 Conjurations
 - Level 4.8 Hexes
 - Level 5.3 Necromancy
 - Level 4.0 Translocations
 + Level 4.0 Ice Magic
 - Level 6.7 Invocations
 - Level 2.0 Evocations


You had 11 spell levels left.
You knew the following spells:

 Your Spells              Type           Power        Failure   Level  Hunger
a - Corona                Hex            ####...      9%          1    None
b - Ensorcelled Hibernat  Hex/Ice        ####..       14%         2    #......
c - Dazzling Spray        Conj/Hex       ####..       22%         3    ##.....
d - Apportation           Tloc           ###...       12%         1    None
e - Vampiric Draining     Necr           ####......   17%         3    ##.....


Dungeon Overview and Level Annotations

Branches:
Dungeon (11/15)            Temple (1/1) D:6            Lair (4/6) D:8
    Orc (0/2) D:10
  Swamp: Lair:2-4    Shoals: Lair:2-4     Snake: Lair:2-4    Spider: Lair:2-4

Altars:
Ashenzari
Cheibriados
Dithmenos
Elyvilon
Fedhas
Gozag
Hepliaklqana
Kikubaaqudgha
Makhleb
Nemelex Xobeh
Okawaru
Qazlal
Ru
Sif Muna
Trog
Uskayaw
Vehumet
Wu Jian
Xom
Yredelemnul
Zin
The Shining One
Beogh


Innate Abilities, Weirdness & Mutations

You cannot wear most types of armour.
You are very stealthy in the water. (Stealth+)
You are amphibious.
You can wear up to eight rings at the same time.
You can use your tentacles to constrict eight enemies at once.
Your skin changes colour to match your surroundings (Stealth+).
Your rubbery body absorbs attacks. (AC +1, EV +1)
You are resistant to hostile enchantments. (MR+)
Your spells are a little harder to cast, but a little more powerful.


Message History

You block the water moccasin's attack.
You feel sick. The water moccasin bites you.
* * * LOW HITPOINT WARNING * * *
You are more poisoned.
The water moccasin poisons you!
There is a stone staircase leading up here.
Casting: Ensorcelled Hibernation
Confirm with . or Enter, or press ? or * to list all spells.
Aiming: Ensorcelled Hibernation
Press: ? - help, Shift-Dir - straight line, f - water moccasin
Aim: a water moccasin (moderately wounded, chance to defeat MR: 55%)
You miscast Ensorcelled Hibernation.
You are very lightly contaminated with residual magic.
Your tentacles feel numb with cold.
The spiny frog croaks.
You feel sick. You block the water moccasin's attack.
You feel better. The spiny frog stings you!
* * * LOW HITPOINT WARNING * * *
The water moccasin bites you!
You die...

.# .## ##..# #.
###...##P##
#.P##..<.......
........###....
.#.......# .
#...###..###...
###...#@#.......
#...SF....#..
#...#....##
#.#.# ...## ##..
..## #.. ### #.
.. ..


You could see a spiny frog and a water moccasin.

Vanquished Creatures
  An ogre mage (D:10)
  Erolcha (D:10)
  2 hydras (Lair:2)
  4 two-headed ogres
  Pikel (D:6)
  The ghost of namelastname112 the Zephyrmancer, a novice TeAE (D:7)
  An ugly thing (D:10)
  A centaur zombie (D:10)
  4 spiny frogs
  A kobold demonologist (D:10)
  The ghost of Ijustatesigmund the Sneak, a novice OpEn (D:4)
  A rime drake (Lair:2)
  2 trolls
  Prince Ribbit (D:6)
  4 blink frogs (Lair:3)
  A hippogriff (D:9)
  A slime creature (D:10)
  A spriggan (D:7)
  3 yaks
  2 wyverns
  A hungry ghost (D:8)
  Edmund (D:4)
  Duvessa (D:7)
  2 water moccasins
  5 porcupines
  2 orc warriors (D:10)
  2 sky beasts
  3 ice beasts
  A black bear (D:11)
  3 phantoms
  An ogre (D:4)
  2 centaurs (D:9)
  3 big kobolds
  A crocodile (D:10)
  13 bullfrogs
  A gnoll sergeant (D:5)
  6 scorpions
  Dowan (D:7)
  14 killer bees
  8 wights
  6 howler monkeys
  3 bullfrog zombies
  5 crimson imps
  2 quasits
  5 hounds
  7 orc priests
  7 orc wizards
  2 jellies
  4 bullfrog skeletons
  A centaur skeleton (D:5)
  Natasha (thrice) (D:3)
  4 iguanas
  4 worker ants
  A killer bee zombie (D:8)
  2 hound skeletons (D:4)
  Robin (D:2)
  A worker ant zombie (D:10)
  8 gnolls
  9 adders
  A howler monkey skeleton (D:5)
  11 river rats
  A shadow imp (D:8)
  An ooze (D:5)
  An adder zombie (D:6)
  3 adder skeletons
  4 worms
  A dart slug (D:3)
  7 leopard geckos
  20 orcs
  A ball python (D:1)
  3 giant cockroaches
  19 goblins
  9 hobgoblins
  12 jackals
  12 kobolds
  3 quokkas
  6 bats
  5 frilled lizards
  A jackal skeleton (D:5)
  A leopard gecko skeleton (D:7)
  A quokka skeleton (D:6)
  15 rats
  A fungus (D:8)
319 creatures vanquished.

Vanquished Creatures (others)
  A jelly (D:6)
  A hound zombie (D:6)
  4 kobolds (D:6)
  2 fungi
  A plant (Lair:3)
9 creatures vanquished.

Grand Total: 328 creatures vanquished

Notes
Turn   | Place    | Note
-------+----------+-------------------------------------------
     0 | D:1      | Ijustatesigmund the Octopode Enchanter began the quest for the Orb.
     0 | D:1      | Reached XP level 1. HP: 11/11 MP: 3/3
    71 | D:1      | Reached skill level 1 in Fighting
   115 | D:1      | Reached XP level 2. HP: 17/18 MP: 5/5
   134 | D:1      | Learned a level 2 spell: Ensorcelled Hibernation
   558 | D:2      | Reached XP level 3. HP: 24/24 MP: 6/6
   794 | D:2      | Reached skill level 1 in Ice Magic
  1055 | D:2      | Found a bloodstained altar of Trog.
  1104 | D:2      | Reached XP level 4. HP: 27/29 MP: 7/7
  1741 | D:3      | Noticed Robin
  2007 | D:2      | Killed Robin
  2007 | D:2      | Reached XP level 5. HP: 35/35 MP: 1/8
  2315 | D:3      | Noticed Natasha
  2322 | D:3      | Killed Natasha
  2392 | D:3      | Noticed Natasha
  2406 | D:3      | Killed Natasha
  2479 | D:3      | Noticed Natasha
  2487 | D:3      | Killed Natasha
  2570 | D:3      | Reached XP level 6. HP: 40/42 MP: 9/9
  3124 | D:3      | Gained mutation: Your spells are a little harder to cast, but a little more powerful. [potion of mutation]
  3124 | D:3      | Gained mutation: You are resistant to hostile enchantments. (MR+) [potion of mutation]
  3165 | D:4      | Learned a level 3 spell: Dazzling Spray
  3658 | D:4      | Reached skill level 1 in Shields
  3681 | D:5      | Entered Level 5 of the Dungeon
  4011 | D:5      | Reached XP level 7. HP: 34/46 MP: 10/10
  4139 | D:5      | Found an opulent altar of Gozag.
  4223 | D:5      | Reached skill level 5 in Stealth
  4340 | D:5      | Reached skill level 1 in Evocations
  5011 | D:5      | Reached XP level 8. HP: 47/54 MP: 11/11
  5319 | D:4      | Noticed Ijustatesigmund's ghost (novice OpEn)
  5337 | D:4      | Killed Ijustatesigmund's ghost
  6134 | D:4      | Noticed Edmund
  6143 | D:4      | Killed Edmund
  6143 | D:4      | Reached XP level 9. HP: 53/66 MP: 12/12
  6615 | D:5      | Reached skill level 1 in Maces & Flails
  6906 | D:6      | Noticed Pikel
  6917 | D:6      | Killed Pikel
  7251 | D:6      | Found a radiant altar of Vehumet.
  7266 | D:6      | Noticed Prince Ribbit
  7279 | D:6      | Killed Prince Ribbit
  7423 | D:6      | Found an iron altar of Okawaru.
  7525 | D:6      | Found a staircase to the Ecumenical Temple.
  7544 | D:6      | Reached skill level 1 in Conjurations
  7562 | Temple   | Entered the Ecumenical Temple
  7960 | D:6      | Became a worshipper of Warmaster Okawaru
  8412 | D:7      | Found a glowing golden altar of the Shining One.
  8412 | D:7      | Found a shimmering altar of Xom.
  8417 | D:7      | Found a faded altar of an unknown god.
  8424 | D:7      | Found a snail-covered altar of Cheibriados.
  8425 | D:7      | Found a burning altar of Makhleb.
  8444 | D:7      | Found a basalt altar of Yredelemnul.
  8455 | D:7      | Noticed namelastname112's ghost (novice TeAE)
  8483 | D:7      | Killed namelastname112's ghost
  8483 | D:7      | Reached XP level 10. HP: 42/72 MP: 14/14
  8856 | D:7      | Reached * piety under Okawaru
  8969 | D:7      | Reached skill level 1 in Invocations
  9080 | D:7      | Noticed Dowan
  9083 | D:7      | Noticed Duvessa
  9085 | D:7      | Killed Dowan
  9095 | D:7      | Killed Duvessa
 10311 | D:8      | Found a staircase to the Lair.
 10356 | D:8      | Found a shattered altar of Ashenzari.
 10356 | D:8      | Found a sparkling altar of Nemelex Xobeh.
 10729 | D:9      | Reached skill level 5 in Invocations
 10739 | D:9      | Reached ** piety under Okawaru
 10917 | D:9      | Noticed a two-headed ogre
 10930 | D:9      | Killed a two-headed ogre
 10972 | D:9      | Learned a level 1 spell: Apportation
 11002 | D:9      | Learned a level 3 spell: Vampiric Draining
 11010 | D:9      | Reached XP level 11. HP: 77/77 MP: 16/16
 11023 | D:9      | Reached skill level 1 in Necromancy
 11363 | D:9      | Reached *** piety under Okawaru
 11508 | D:9      | Noticed a two-headed ogre
 11516 | D:9      | Killed a two-headed ogre
 12164 | D:10     | Entered Level 10 of the Dungeon
 12196 | D:10     | Noticed a brown ugly thing
 12201 | D:10     | Killed a brown ugly thing
 12291 | D:10     | Got a faintly glowing bone ring
 12292 | D:10     | Identified the ring of Descent {Ice Str+2 SInv} (You found it on level 10 of the Dungeon)
 12300 | D:10     | Noticed an ogre mage
 12303 | D:10     | Reached **** piety under Okawaru
 12304 | D:10     | Killed an ogre mage
 12304 | D:10     | Received a gift from Okawaru
 12304 | D:10     | Reached skill level 1 in Translocations
 13062 | D:10     | Noticed Erolcha
 13069 | D:10     | Killed Erolcha
 13114 | D:10     | Reached skill level 5 in Necromancy
 13361 | D:10     | Noticed a two-headed ogre
 13366 | D:10     | Killed a two-headed ogre
 13529 | D:10     | Reached ***** piety under Okawaru
 13555 | D:10     | Noticed a two-headed ogre
 13559 | D:10     | Killed a two-headed ogre
 13591 | D:10     | Found a staircase to the Orcish Mines.
 13752 | D:11     | Reached XP level 12. HP: 77/83 MP: 18/18
 13959 | D:10     | Reached skill level 5 in Shields
 14986 | D:10     | Found a roughly hewn altar of Beogh.
 15107 | Lair:1   | Entered Level 1 of the Lair of Beasts
 15864 | Lair:1   | Reached skill level 5 in Spellcasting
 16573 | Lair:2   | Noticed a seven-headed hydra
 16624 | Lair:2   | Killed a seven-headed hydra
 16625 | Lair:2   | Noticed an eight-headed hydra
 16659 | Lair:2   | Killed an eight-headed hydra
 18113 | Lair:4   | Slain by a water moccasin

Vault maps used:
D:1:      evilmike_arrival_run_for_it, minmay_strange_pillars
D:2:      lemuel_crystal_altar, minmay_heptomino_o4
D:3:      first_bread, uniq_robin, uniq_natasha
D:4:      dk_rats_in_the_wall, uniq_edmund
D:5:      nicolae_gozag_cash_rules_everything_around_me
D:6:      lemuel_doored_altar, vehumet_crystals, minmay_temple_entry_nine_rooms,
          serial_curves, eino_curves_04, eino_curves_01, uniq_prince_ribbit1,
          uniq_pikel
D:7:      chequers_temple_overflow_minitemple, basic_altar, the_bakery,
          kennysheep_generic_room_9, uniq_duvessa
D:8:      gammafunk_temple_overflow_wave, dpeg_oklobed_lair
D:9:      item_on_display_a
D:10:     minmay_the_grid_3x2, minmay_orc_entry_temple_small, eino_jars,
          uniq_erolcha
D:11:     uniq_sonja
Temple:   nicolae_temple_x_marks_the_god
Lair:1:   nicolae_lair_grove_arrangements, lemuel_old_faithful
Lair:3:   dummy_spider_entry, small_statue_intersection
Lair:4:   minmay_shoals_entry_lonely_mermaid

Skill      XL: |  1  2  3  4  5  6  7  8  9 10 11 12 |
---------------+-------------------------------------+-----
Fighting       | 1 2 3 4 8 |  8.8
Ice Magic      | 1 2 3 4 |  4.0
Short Blades   | 2 3 7 8 |  8.9
Shields        | 1 2 4 6 |  6.7
Dodging        | 3 |  3.6
Stealth        | 6 7 8 |  8.1
Evocations     | 2 |  2.0
Maces & Flails | 2 |  2.1
Conjurations   | 2 3 4 |  4.7
Spellcasting   | 3 4 5 |  5.1
Invocations    | 6 |  6.7
Hexes          | 4 |  4.8
Necromancy     | 5 |  5.3
Translocations | 4 |  4.0

Action                   |  1- 3 |  4- 6 |  7- 9 | 10-12 || total
-------------------------+-------+-------+-------+-------++-------
Melee: Dagger            |    73 |   159 |   174 |       ||   406
       Constrict         |    23 |    39 |    49 |    67 ||   178
       Tentacles         |     7 |    35 |    51 |    74 ||   167
       Rapier            |       |       |    91 |   416 ||   507
       Flail             |       |       |    29 |       ||    29
       Punch             |       |       |       |     8 ||     8
Throw: Javelin           |       |       |     1 |     2 ||     3
 Cast: Ensorcelled Hiber |     4 |    12 |    16 |    67 ||    99
       Dazzling Spray    |       |       |       |     6 ||     6
       Corona            |       |       |       |     4 ||     4
       Vampiric Draining |       |       |       |     2 ||     2
Invok: Heroism           |       |       |       |    18 ||    18
 Abil: Evoke Berserk Rag |     1 |     5 |     5 |     3 ||    14
Evoke: Wand              |       |     5 |       |     2 ||     7
       Box of beasts     |       |       |       |     2 ||     2
  Use: Scroll            |     2 |     8 |     6 |    15 ||    31
       Potion            |       |     1 |     1 |     9 ||    11
 Stab: Sleeping          |    13 |    12 |    25 |    60 ||   110
       Paralysed         |       |     1 |       |       ||     1
       Distracted        |       |       |     2 |       ||     2
       Invisible         |       |       |       |     1 ||     1
  Eat: Chunk             |     2 |     7 |     7 |    20 ||    36
       Royal jelly       |       |     1 |       |     1 ||     2
       Bread ration      |       |     1 |     3 |     3 ||     7
Armor: Skin              |     3 |    11 |    15 |    17 ||    46
Dodge: Dodged            |    46 |    94 |   161 |   320 ||   621
Block: Shield            |       |       |       |    88 ||    88

Table legend:
 A = Spawn XP
 B = Non-spawn XP
 C = Spawn XP percentage of total XP
 D = Spawn monster count
 E = Non-spawn monster count
 F = Spawn count percentage of total count
 G = Total turns spent on level
                    A         B        C        D         E        F      G
               +---------+---------+-------+---------+---------+-------+---------
         Total |       0 |   25849 |   0.0 |       0 |     318 |   0.0 | 18113
               +---------+---------+-------+---------+---------+-------+---------
           D:1 |       0 |      32 |   0.0 |       0 |      18 |   0.0 |   538
           D:2 |       0 |     110 |   0.0 |       0 |      23 |   0.0 |  1180
           D:3 |       0 |     334 |   0.0 |       0 |      40 |   0.0 |  1776
           D:4 |       0 |    1265 |   0.0 |       0 |      43 |   0.0 |  1464
           D:5 |       0 |     831 |   0.0 |       0 |      25 |   0.0 |  1776
           D:6 |       0 |    1752 |   0.0 |       0 |      20 |   0.0 |  1207
           D:7 |       0 |    1899 |   0.0 |       0 |      30 |   0.0 |  1540
           D:8 |       0 |     998 |   0.0 |       0 |      21 |   0.0 |   852
           D:9 |       0 |    4053 |   0.0 |       0 |      32 |   0.0 |  1509
          D:10 |       0 |    7823 |   0.0 |       0 |      42 |   0.0 |  2817
          D:11 |       0 |     324 |   0.0 |       0 |       2 |   0.0 |    71
        Lair:1 |       0 |    1202 |   0.0 |       0 |       5 |   0.0 |  1131
        Lair:2 |       0 |    4047 |   0.0 |       0 |      12 |   0.0 |  1559
        Lair:3 |       0 |    1036 |   0.0 |       0 |       4 |   0.0 |    94
        Lair:4 |       0 |     143 |   0.0 |       0 |       1 |   0.0 |   222
               +---------+---------+-------+---------+---------+-------+---------
